 Dungeon Crawl Stone Soup version 0.19-a0-1568-gdd01aac (webtiles) character file.

82 Alarkh the Slasher (level 4, -1/33 HPs)
             Began as a Mummy Skald on Sept 15, 2016.
             Slain by a worker ant (4 damage)
             ... on level 4 of the Dungeon.
             The game lasted 00:02:27 (1755 turns).

Alarkh the Slasher (Mummy Skald)                    Turns: 1755, Time: 00:02:27

Health: -1/33      AC:  4    Str: 15    XL:     4   Next: 21%
Magic:  0/7        EV: 11    Int: 12    God:
Gold:   127        SH:  5    Dex: 11    Spells: 1 memorised, 6 levels left

rFire  x . .     SeeInvis .     a - +0 falchion
rCold  + . .     Gourm    .     b - +0 leather armour
rNeg   + + +     Faith    .     (no shield)
rPois  ∞         Spirit   .     (no helmet)
rElec  .         Dismiss  .     (no cloak)
rCorr  .         Reflect  +     d - +0 pair of gloves
MR     .....     Harm     .     (no boots)
Stlth  +.........               g - +5 amulet of reflection
                                (no ring)
                                h - ring of flight

@: infused (expiring), very slightly contaminated
A: no food or potions, fire vulnerability, cold resistance 1, negative energy
resistance 3, torment resistance, unbreathing
a: Evoke Flight


You were on level 4 of the Dungeon.
You were not hungry.

You visited 1 branch of the dungeon, and saw 4 of its levels.

You collected 127 gold pieces.

Inventory:

Hand Weapons
 a - a +0 falchion (weapon)
Armour
 b - a +0 leather armour (worn)
 d - a +0 pair of gloves (worn)
Jewellery
 g - a +5 amulet of reflection (around neck)
 h - a ring of flight (left hand)
Scrolls
 e - 4 scrolls of identify
 f - 2 scrolls of remove curse
 j - a scroll of enchant weapon
Books
 c - a book of Battle

   Spells                             Type                      Level
   a - Infusion                       Charms                       1
   b - Shroud of Golubria             Charms/Translocation         2
   c - Song of Slaying                Charms                       2
   d - Spectral Weapon                Hexes/Charms                 3
   e - Regeneration                   Charms/Necromancy            3
 i - a Necronomicon

   Spells                             Type                      Level
   a - Haunt                          Necromancy/Summoning         7
   b - Borgnjor's Revivification      Necromancy                   8
   c - Death's Door                   Charms/Necromancy            8
   d - Infestation                    Necromancy                   8
   e - Necromutation                  Transmutation/Necromancy     8


   Skills:
 - Level 2.0 Fighting
 + Level 3.7 Long Blades
 - Level 0.7 Armour
 - Level 0.7 Dodging
 - Level 2.0 Spellcasting
 - Level 2.4 Charms


You had 6 spell levels left.
You knew the following spells:

 Your Spells              Type           Power        Failure   Level  Hunger
a - Infusion              Chrm           #...         14%         1    N/A

Dungeon Overview and Level Annotations

Branches:
Dungeon (4/15)
 Temple: D:4-7

Altars:
Ashenzari


Innate Abilities, Weirdness & Mutations

You do not eat or drink.
Your flesh is vulnerable to fire.
You are immune to poison.
Your flesh is cold resistant. (rC+)
You are immune to negative energy. (rN+++)
You are immune to unholy pain and torment.
You can survive without breathing.


Message History

You block the orc's attack.
You hit the orc.
You kill the orc!
Your magical infusion is running out.
The worker ant bites you.
You hit the worker ant but do no damage.
The worker ant bites you but does no damage.
Okay, then.
You hit the worker ant.
The worker ant is lightly wounded.
The worker ant bites you!
* * * LOW HITPOINT WARNING * * *
You hit the worker ant.
The worker ant is moderately wounded.
The worker ant barely misses you. The worker ant bites you.
* * * LOW HITPOINT WARNING * * *
You hit the worker ant.
The worker ant is moderately wounded.
The worker ant bites you.
You die...

#......#
###.....#
##......##
#.......##
##...##..#
#### ##%##
#lo# ##a#
#@# ###


You could see a worker ant, an orc and a leopard gecko.

Vanquished Creatures
  3 adders (D:2)
  An ooze (D:2)
  2 dart slugs
  A leopard gecko (D:1)
  2 orcs (D:4)
  4 bats
  6 giant cockroaches
  3 hobgoblins
  2 jackals (D:3)
  6 kobolds
  2 quokkas (D:2)
  2 frilled lizards
  4 goblins
  4 rats
42 creatures vanquished.

Notes
Turn   | Place    | Note
-------+----------+-------------------------------------------
     0 | D:1      | Alarkh the Mummy Skald began the quest for the Orb.
     0 | D:1      | Reached XP level 1. HP: 16/16 MP: 3/3
   229 | D:1      | Reached skill level 2 in Long Blades
   241 | D:1      | Reached XP level 2. HP: 14/22 MP: 1/5
   843 | D:2      | Reached XP level 3. HP: 24/27 MP: 2/6
   909 | D:2      | Reached skill level 3 in Long Blades
  1410 | D:2      | Reached XP level 4. HP: 33/33 MP: 1/7
  1523 | D:3      | Found a shattered altar of Ashenzari.
  1755 | D:4      | Slain by a worker ant

Vault maps used:
D:1:      minmay_arrival_solitary_statue, minmay_box_of_dots
D:3:      lemuel_crystal_altar, first_bread, grunt_decor_clamped,
          ashenzari_altar_1
D:4:      minitemple

Skill      XL: |  1  2  3 |
---------------+----------+-----
Long Blades    | 2 3 |  3.7
Fighting       | |  2.0
Armour         | |  0.7
Dodging        | |  0.7
Spellcasting   | |  2.0
Charms         | |  2.4

Action                   |  1- 3 |  4- 6 || total
-------------------------+-------+-------++-------
Melee: Falchion          |   116 |    30 ||   146
 Cast: Infusion          |    18 |     3 ||    21
  Use: Scroll            |     2 |       ||     2
Armor: Leather armour    |    29 |     9 ||    38
Dodge: Dodged            |    58 |    22 ||    80
Block: Other             |    15 |    10 ||    25
